 Dungeon Crawl Stone Soup version 0.31-a0-750-gfe7b580527 (webtiles) character file.

Game seed: 16109209008842338407

11553 cforsyth the Fighter (level 12, -4/88 HPs)
             Began as a Djinni Delver on Sept 14, 2023.
             Was a High Priest of Hepliaklqana.
             Slain by a manticore (8 damage)
             ... on level 10 of the Dungeon.
             The game lasted 00:27:25 (16847 turns).

cforsyth the Fighter (Djinni Delver)               Turns: 16847, Time: 00:27:26

Health: -4/88      AC:  9    Str: 11    XL:     12   Next: 9%
Gold:   2598       EV:  8    Int: 17    God:    Hepliaklqana [*****.] SH:  6 Dex: 15

rFire   + . .        H - +8 spear "Usea" {freeze, rElec}
rCold   + + .        r - +1 buckler {reflect}
rNeg    . . .        m - +0 ice dragon scales
rPois   ∞            (no helmet)
rElec   +            (no cloak)
rCorr   .            (no gloves)
SInv    .            (boots unavailable)
Will    +....        (no amulet)
Stlth   +            o - ring of protection from cold
HPRegen 0.34/turn    (no ring)
MPRegen 0.00/turn

%: reflection, infuse magic (-5 HP)
@: flying
A: reduced essence, sickness immunity, fire resistance 2, cold vulnerability 1,
float, innate caster, HP casting, extra vitality 1
a: Renounce Religion, Recall Ancestor, Ancestor Identity, Transference, Idealise


You were on level 10 of the Dungeon.
You worshipped Hepliaklqana.
Hepliaklqana was extremely pleased with you.
You visited 2 branches of the dungeon, and saw 12 of its levels.
You also visited: Sewer, Ossuary and Bailey.

You collected 2598 gold pieces.

Inventory:

Hand Weapons
 a - a +0 falchion
 v - a +2 dagger of electrocution
 D - a +1 antimagic falchion
 H - the +8 spear "Usea" (weapon) {freeze, rElec}
   (You took it off a gnoll on level 7 of the Dungeon)

   rElec:     It insulates you from electricity.
Missiles
 C - 4 throwing nets
Armour
 b - a +0 leather armour
 h - the +0 scale mail "Axkuj" {rN+ Dex+2 Stlth+}
   (You found it on level 10 of the Dungeon)

   Dex+2:     It affects your dexterity (+2).
   rN+:       It protects you from negative energy.
   Stlth+:    It makes you more stealthy.
 m - +0 ice dragon scales (worn)
 r - a +1 buckler of reflection (worn)
 z - a +0 helmet
Jewellery
 o - a ring of protection from cold (left hand)
 A - a ring of resist corrosion
Wands
 e - a wand of mindburst (5)
 g - a wand of digging (3)
 i - a wand of flame (16)
Scrolls
 c - 2 scrolls of fog
 f - 7 scrolls of teleportation {unknown}
 l - 8 scrolls of noise {unknown}
 n - 3 scrolls of butterflies {unknown}
 p - 4 scrolls of immolation {unknown}
 t - a scroll of poison {unknown}
 y - 2 scrolls of amnesia {unknown}
 F - a scroll of silence
 G - 3 scrolls of vulnerability {unknown}
Potions
 d - 2 potions of curing
 j - 3 potions of might
 k - 7 potions of heal wounds
 s - 2 potions of attraction
 u - 7 potions of mutation
 w - 3 potions of invisibility
 x - a potion of ambrosia
 B - a potion of lignification
 E - 2 potions of enlightenment
 I - a potion of brilliance
 J - a potion of cancellation


   Skills:
 + Level 13.0 Fighting
 - Level 1.7 Long Blades
 - Level 2.1 Dodging
 - Level 4.1 Stealth
 - Level 5.0 Shields
 + Level 9.3 Spellcasting
 + Level 9.3 Conjurations
 + Level 9.3 Hexes
   Level 0.0 Charms
 + Level 9.3 Summonings
 + Level 9.3 Necromancy
 + Level 9.3 Translocations
 + Level 9.3 Transmutations
 + Level 9.3 Fire Magic
 + Level 9.3 Ice Magic
 + Level 9.3 Air Magic
 + Level 9.3 Earth Magic
 + Level 9.3 Poison Magic


You knew the following spells:

 Your Spells              Type           Power      Damage    Failure   Level
a - Sting                 Tmut/Pois      100%       1d8       2%          1
b - Blink                 Tloc           78%        N/A       4%          2
c - Tukima's Dance        Hex            39%        N/A       8%          3
d - Summon Lightning Spi  Summ/Air       39%        N/A       26%         4
e - Cause Fear            Hex            19%        N/A       26%         4
Your spell library was empty.

Dungeon Overview and Level Annotations

Branches:
Dungeon (11/15)            Temple (1/1) D:4            Lair (0/5) D:8
    Orc (0/2) D:10          Sewer (visited)         Ossuary (visited)
 Bailey (visited)

Altars:
Ashenzari
Cheibriados
Dithmenos
Elyvilon
Fedhas
Gozag
Hepliaklqana
Makhleb
Nemelex Xobeh
Okawaru
Qazlal
Ru
Trog
Uskayaw
Wu Jian
Xom
Yredelemnul
Zin
The Shining One

Shops:
D:5 *

Portals:
Trove: D:10 (give +7 demon blade)


Innate Abilities, Weirdness & Mutations

Your life essence is reduced to manifest your ancestor. (-10% HP)
You are immune to sickness and miasma.
You are immune to poison.
Your flesh is very heat resistant. (rF++)
You are vulnerable to cold. (rC-)
You float through the air rather than walking.
You learn spells naturally, not from books.
Your magical power is your life essence.
You have superior vitality. (+4 MHP)


Message History

Nebetia is recalled.
You block the manticore's attack. The manticore claws you.
The manticore barely misses you.
You hit the manticore. You freeze the manticore.
The manticore is lightly wounded.
Nebetia hits the manticore with a +0 flail!
The manticore bites you! You block the manticore's attack.
The manticore claws you but does no damage.
You puncture the manticore! You freeze the manticore.
The manticore is heavily wounded.
The manticore bites you! The manticore barely misses you.
The manticore claws you.
Nebetia completely misses the manticore.
You are too injured to fight recklessly!
You are too injured to fight recklessly!
You are too injured to fight recklessly!
You are too injured to fight recklessly!
You are too injured to fight recklessly!
You are too injured to fight recklessly!
You are too injured to fight recklessly!
You are too injured to fight recklessly!
You puncture the manticore! You freeze the manticore.
The manticore is severely wounded.
You carefully extract the barbed spikes from your body.
The manticore bites you!
* * * LOW HITPOINT WARNING * * *
You block the manticore's attack. The manticore claws you!
* * * LOW HITPOINT WARNING * * *
Nebetia hits the manticore with a +0 flail.
You closely miss the manticore.
The manticore is severely wounded.
You block the manticore's attack. The manticore claws you.
* * * LOW HITPOINT WARNING * * *
The manticore claws you but does no damage.
You hit the manticore. You freeze the manticore.
The manticore is almost dead.
The manticore bites you!
* * * LOW HITPOINT WARNING * * *
The manticore claws you!
You die...

#........# #.......# #.....
##'####### #.......# ###### #.##
#.......# #..# ######'##
##+######### #....# #.........<#
#.#### ### #..........#
####'###### ####.. #...[.[....#
#.R.......# #..'.. #...[.[)...#
#H@.......# #.##..
##.....)....###.........####.##..
.#..........'.#.........#....##..
.'..........#.#.........'.#####..
R#..........#.'.........### #..
##.[........###.........# #..
##..........# #.........# ######
##..........# #.........# #######
##'######### ###†####### #######


You could see the friendly Nebetia the knight and a manticore (ally target).

Vanquished Creatures
  A centaur warrior (D:9)
  2 manticores (D:9)
  11 yaks
  A wyvern (D:9)
  A steam dragon (D:7)
  3 acid dragons
  2 water moccasins (D:6)
  A sky beast (D:8)
  4 orc warriors
  Pargi (Sewer)
  An ice beast (D:6)
  A black bear (D:5)
  A centaur (D:7)
  A kobold brigand (D:9)
  An elf zombie (Ossuary)
  A bullfrog (D:9)
  9 scorpions
  7 wights
  14 killer bees
  2 jellies
  4 orc priests
  2 human zombies (Ossuary)
  2 gnoll boudas
  2 iguanas
  A sleepcap (D:5)
  7 orc wizards
  3 hound zombies (Ossuary)
  3 mummies (Ossuary)
  12 gnolls
  7 adders
  3 river rats (D:4)
  A shadow imp (D:5)
  A white imp (D:7)
  An ufetubus (D:7)
  2 adder zombies (Ossuary)
  5 worms (D:4)
  2 dart slugs
  38 orcs
  7 endoplasms
  5 giant cockroaches
  2 gnoll zombies (Ossuary)
  9 goblins
  6 hobgoblins
  24 kobolds
  A quokka (D:5)
  9 ball pythons
  8 bats
  5 frilled lizards
  5 goblin zombies (Ossuary)
  2 hobgoblin zombies (Ossuary)
  2 jackal zombies (Ossuary)
  6 kobold zombies (Ossuary)
  4 orc zombies (Ossuary)
  2 quokka zombies (Ossuary)
  2 rats (D:2)
  6 rat zombies (Ossuary)
266 creatures vanquished.

Vanquished Creatures (collateral kills)
  An orc warlord (Bailey)
  Prince Ribbit (D:7)
  A vampire (D:10)
  4 yaks
  A basilisk (D:9)
  Menkaure (D:6)
  A water moccasin (D:7)
  3 orc warriors
  A sky beast (D:7)
  A black bear (D:6)
  3 ice beasts
  An ogre (D:5)
  A gnoll sergeant (D:10)
  2 scorpions (D:7)
  4 wights
  6 killer bees
  A hound (D:4)
  5 orc priests
  Jessica (D:2)
  A gnoll bouda (D:6)
  An iguana (D:5)
  9 orc wizards
  13 gnolls
  An adder (D:4)
  A worm (D:5)
  25 orcs
  A ball python (D:3)
  2 bats
  A goblin (D:3)
  2 hobgoblins (Bailey)
  6 kobolds
  A rat (D:2)
103 creatures vanquished.

Vanquished Creatures (others)
  A dancing weapon (Bailey)
  6 knights
7 creatures vanquished.

Grand Total: 376 creatures vanquished

Notes
Turn   | Place    | Note
-------+----------+-------------------------------------------
     0 | D:5      | cforsyth the Djinni Delver began the quest for the Orb.
     0 | D:5      | Reached XP level 1. HP: 20/20 MP: 0/0
    22 | D:5      | Found an opulent altar of Gozag.
    22 | D:5      | Found Gozag's Platinum Reserve.
    28 | D:5      | Noticed a scorpion
    32 | D:5      | Noticed an iguana
    42 | D:5      | Noticed a scorpion
    56 | D:5      | Killed a scorpion
    57 | D:5      | Reached skill level 1 in Spellcasting
    57 | D:5      | Reached skill level 1 in Conjurations
    57 | D:5      | Reached skill level 1 in Hexes
    57 | D:5      | Reached skill level 1 in Summonings
    57 | D:5      | Reached skill level 1 in Necromancy
    57 | D:5      | Reached skill level 1 in Translocations
    57 | D:5      | Reached skill level 1 in Transmutations
    57 | D:5      | Reached skill level 1 in Fire Magic
    57 | D:5      | Reached skill level 1 in Ice Magic
    57 | D:5      | Reached skill level 1 in Air Magic
    57 | D:5      | Reached skill level 1 in Earth Magic
    57 | D:5      | Reached skill level 1 in Poison Magic
    57 | D:5      | Reached XP level 2. HP: 18/26 MP: 0/0
    57 | D:5      | Reached XP level 3. HP: 22/31 MP: 0/0
    57 | D:5      | Learned a level 1 spell: Sting
    57 | D:5      | Reached XP level 4. HP: 26/37 MP: 0/0
   118 | D:5      | Reached skill level 4 in Fighting
   145 | D:5      | Noticed a scorpion
   176 | D:5      | Noticed a black bear
   211 | D:5      | Reached XP level 5. HP: 38/42 MP: 0/0
   211 | D:5      | Learned a level 2 spell: Blink
   268 | D:5      | Found a sand-covered staircase.
   297 | Ossuary  | Entered an ossuary
   595 | Ossuary  | Reached XP level 6. HP: 45/49 MP: 0/0
   627 | Ossuary  | Reached skill level 5 in Fighting
  1724 | Ossuary  | HP: 2/49 [mummy (18)]
  2153 | D:5      | HP: 2/73 [iguana (9)]
  2155 | D:5      | Reached XP level 7. HP: 3/54 MP: 0/0
  2155 | D:5      | Learned a level 3 spell: Tukima's Dance
  2643 | D:4      | Found a glowing drain.
  2648 | Sewer    | Entered a sewer
  2750 | Sewer    | Noticed Pargi
  3008 | Sewer    | Killed Pargi
  3009 | Sewer    | Reached skill level 6 in Fighting
  3320 | D:4      | Found a staircase to the Ecumenical Temple.
  3342 | Temple   | Entered the Ecumenical Temple
  3362 | Temple   | Became a worshipper of Hepliaklqana the Forgotten
  4548 | D:2      | Reached * piety under Hepliaklqana
  4629 | D:2      | Noticed Jessica
  4635 | D:2      | Killed Jessica
  4655 | D:2      | Found a glowing golden altar of the Shining One.
  4753 | D:3      | Reached skill level 1 in Shields
  4753 | D:3      | Reached XP level 8. HP: 41/55 MP: 0/0
  6074 | D:4      | Reached ** piety under Hepliaklqana
  6082 | D:4      | Remembered your ancestor Nebetia as a knight
  6267 | D:4      | Reached skill level 7 in Fighting
  7416 | D:6      | Reached XP level 9. HP: 56/61 MP: 0/0
  7416 | D:6      | Learned a level 4 spell: Summon Lightning Spire
  7849 | D:6      | Noticed Menkaure
  8052 | D:6      | Reached skill level 5 in Spellcasting
  8052 | D:6      | Reached skill level 5 in Conjurations
  8052 | D:6      | Reached skill level 5 in Hexes
  8052 | D:6      | Reached skill level 5 in Summonings
  8052 | D:6      | Reached skill level 5 in Necromancy
  8052 | D:6      | Reached skill level 5 in Translocations
  8052 | D:6      | Reached skill level 5 in Transmutations
  8052 | D:6      | Reached skill level 5 in Fire Magic
  8052 | D:6      | Reached skill level 5 in Ice Magic
  8052 | D:6      | Reached skill level 5 in Air Magic
  8052 | D:6      | Reached skill level 5 in Earth Magic
  8052 | D:6      | Reached skill level 5 in Poison Magic
  8195 | D:6      | Killed Menkaure
  8196 | D:6      | Reached skill level 8 in Fighting
  8552 | D:6      | Reached skill level 5 in Shields
  8960 | D:7      | Identified the +8 spear "Usea" {freeze, rElec}
  9175 | D:7      | Found the +11 Singing Sword {sonic wave}
  9194 | D:7      | Reached skill level 9 in Fighting
  9286 | D:7      | Found a burning altar of Makhleb.
  9289 | D:7      | Noticed a cacodemon
  9290 | D:7      | Found a glowing silver altar of Zin.
  9290 | D:7      | Noticed an angel
  9294 | D:7      | Reached XP level 10. HP: 70/70 MP: 0/0
  9808 | D:7      | Reached *** piety under Hepliaklqana
  9829 | D:7      | Noticed Prince Ribbit
  9837 | D:7      | Killed Prince Ribbit
  9838 | D:7      | Reached skill level 10 in Fighting
 10526 | D:8      | Found a staircase to the Lair.
 11914 | D:8      | Found a sparkling altar of Nemelex Xobeh.
 11914 | D:8      | Found a basalt altar of Yredelemnul.
 12028 | D:9      | Reached skill level 11 in Fighting
 12201 | D:8      | Reached XP level 11. HP: 51/78 MP: 0/0
 12201 | D:8      | Learned a level 4 spell: Cause Fear
 12757 | D:9      | Reached **** piety under Hepliaklqana
 12854 | D:9      | Noticed a manticore
 12860 | D:9      | Noticed a manticore
 13875 | D:9      | Killed a manticore
 14220 | D:9      | Identified the +7 short sword "Piohoiti" {vamp, +Blink}
 14330 | D:9      | Killed a manticore
 14331 | D:9      | Reached skill level 12 in Fighting
 14358 | D:9      | Noticed a centaur warrior
 14368 | D:9      | Killed a centaur warrior
 15229 | D:10     | Entered Level 10 of the Dungeon
 15258 | D:10     | Found a portal to a secret trove of treasure.
 15330 | D:10     | Identified the +0 scale mail "Axkuj" {rN+ Dex+2 Stlth+}
 15488 | D:10     | Found a flagged portal.
 15524 | Bailey   | Entered a bailey
 15670 | Bailey   | Noticed an orc warlord
 15671 | Bailey   | Reached ***** piety under Hepliaklqana
 15919 | Bailey   | Found a runed translucent gate.
 15932 | Bailey   | Found a runed translucent gate.
 15933 | Bailey   | Found a runed translucent gate.
 16206 | Bailey   | Killed an orc warlord
 16207 | Bailey   | Reached XP level 12. HP: 38/86 MP: 0/0
 16354 | Bailey   | Acquired 1014 gold pieces
 16356 | Bailey   | Acquired 739 gold pieces
 16482 | D:10     | Found a staircase to the Orcish Mines.
 16761 | D:10     | Reached skill level 13 in Fighting
 16847 | D:10     | HP: 4/88 [manticore (8)]
 16847 | D:10     | Slain by a manticore

Illustrated notes

Levels and vault maps discovered:
D:1:      dpeg_arrival_round_c, layout_rooms, nicolae_the_louvre
D:2:      layout_rooms, basic_altar, minmay_pentomino_q2, uniq_jessica
D:3:      layout_basic
D:4:      layout_gridville, minmay_temple_entry_water_ring,
          lightli_sewer_entry_pipes
D:5:      layout_rooms, nicolae_gozag_zags_fifth_avenue,
          chequers_ossuary_entry_cave, serial_aquarium, aquarium_bridge_square
          [aquarium_subvault_bridge, aquarium_subvault_bridge,
          aquarium_subvault_wall, aquarium_subvault_balcony],
          aquarium_window_corner, aquarium_window_fake, aquarium_view_2d,
          aquarium_view_2e, hangedman_decor_lopped,
          chequers_serial_rivers_small_b
D:6:      layout_loops_corners, nicolae_elevator_lobby_asterisk, uniq_menkaure
D:7:      old_forge, layout_loops_ring, grunt_temple_overflow_order_and_chaos_2,
          roderic_nine_men_s_morris, hangedman_decor_peaks_small,
          kb_lookout_dungeons_type, uniq_prince_ribbit1
D:8:      nicolae_hitomezashi [nicolae_hito_row, nicolae_hito_row,
          nicolae_hito_row, nicolae_hito_row, nicolae_hito_row,
          nicolae_hito_row, nicolae_hito_row, nicolae_hito_row,
          nicolae_hito_row, nicolae_hito_row, nicolae_hito_row,
          nicolae_hito_row, nicolae_hito_row, nicolae_hito_row,
          nicolae_hito_row, nicolae_hito_row, nicolae_hito_row,
          nicolae_hito_row], layout_rooms, gammafunk_temple_overflow_wave,
          lair_entry_dummy, special_room [special_room_orc]
D:9:      layout_layer_cave, kb_rosetta
D:10:     layout_roguey, nicolae_sif_muna_condensation, orc_0_dummy,
          enter_bailey_2, enter_trove_3
D:11:     layout_grid_maze
Temple:   minmay_temple_bridge_d

Skill      XL: |  1  2  3  4  5  6  7  8  9 10 11 12 |
---------------+-------------------------------------+-----
Spellcasting   | 1 2 3 4 6 7 9 |  9.3
Conjurations   | 1 2 3 4 6 7 9 |  9.3
Hexes          | 1 2 3 4 6 7 9 |  9.3
Summonings     | 1 2 3 4 6 7 9 |  9.3
Necromancy     | 1 2 3 4 6 7 9 |  9.3
Translocations | 1 2 3 4 6 7 9 |  9.3
Transmutations | 1 2 3 4 6 7 9 |  9.3
Fire Magic     | 1 2 3 4 6 7 9 |  9.3
Ice Magic      | 1 2 3 4 6 7 9 |  9.3
Air Magic      | 1 2 3 4 6 7 9 |  9.3
Earth Magic    | 1 2 3 4 6 7 9 |  9.3
Poison Magic   | 1 2 3 4 6 7 9 |  9.3
Fighting       | 4 5 6 7 9 11 12 13 | 13.0
Shields        | 1 3 5 |  5.0
Long Blades    | |  1.7
Dodging        | |  2.1
Stealth        | |  4.1

Action                     |  1- 3 |  4- 6 |  7- 9 | 10-12 || total
---------------------------+-------+-------+-------+-------++-------
  Melee: Falchion          |     9 |   312 |   235 |       ||   556
         Dagger            |       |       |   234 |       ||   234
         Punch             |       |       |     5 |       ||     5
         Spear             |       |       |    33 |   463 ||   496
   Cast: Tukima's Dance    |       |       |       |     4 ||     4
 Invoke: Recall Ancestor   |       |       |     2 |     7 ||     9
         Ancestor Life: Kn |       |       |     1 |       ||     1
  Evoke: Wand              |       |       |     6 |    14 ||    20
    Use: Potion            |       |     2 |       |     1 ||     3
         Scroll            |       |       |     1 |    22 ||    23
   Stab: Sleeping          |       |     2 |    12 |       ||    14
         Distracted        |       |       |     2 |       ||     2
         Held in net/web   |       |       |     2 |       ||     2
 Armour: Leather armour    |     5 |   172 |    79 |       ||   256
         Ice dragon scales |       |       |   346 |   297 ||   643
  Dodge: Dodged            |     6 |   181 |   222 |   113 ||   522
  Block: Buckler           |       |       |    74 |   108 ||   182
         Reflection        |       |       |     2 |     9 ||    11

Table legend: (Time is in decaauts)
 A = Elapsed time spent in this place.
 B = Non-inter-level travel time spent in this place.
 C = Inter-level travel time spent in this place.
 D = Time resting spent in this place.
 E = Time spent auto-exploring this place.
 F = Levels seen in this place.
 G = Mean time per level.
                   A        B        C        D        E       F      G
               +--------+--------+--------+--------+--------+-----+--------+
         Total |  17049 |  16659 |    390 |   5116 |   8005 |  15 | 1136.6 |
       Dungeon |  13830 |  13479 |    351 |   3733 |   6986 |  11 | 1257.3 |
        Temple |     40 |      1 |     39 |      0 |      0 |   1 |   40.0 |
         Sewer |    402 |    402 |      0 |    187 |    100 |   1 |  402.0 |
       Ossuary |   1832 |   1832 |      0 |    770 |    571 |   1 | 1832.0 |
        Bailey |    943 |    943 |      0 |    425 |    348 |   1 |  943.0 |
               +--------+--------+--------+--------+--------+-----+--------+

Top non-repeatable levels by time:
     D:7: 2643 daAuts
     D:9: 2124 daAuts
 Ossuary: 1832 daAuts
     D:8: 1673 daAuts
     D:5: 1647 daAuts
     D:6: 1447 daAuts
     D:4: 1298 daAuts
     D:3: 984 daAuts
  Bailey: 943 daAuts
     D:1: 688 daAuts
    D:10: 665 daAuts
     D:2: 627 daAuts
   Sewer: 402 daAuts
  Temple: 40 daAuts
    D:11: 28 daAuts
